AoeStats
← romeo63

Nomad

510145891Analyzed
4v4 RM · 2d ago on Sep 29, 2026· 49m 52s· 8 players
Game mode
Random Map
Map size
231×231
Population
200
Speed
Normal
Resources
Standard
Victory
Conquest
Starting age
Dark Age
Ending age
Imperial Age
RankedLock teamsTeams togetherTeam positionsShared explorationLock speedFull tech treeHidden civsTurbo modeCheats
Victory
Defeat
🇹🇷 Italians · Türkiye
1145
+13
🇹🇷 Vietnamese · Türkiye
1013
+19
🇹🇷 Dravidians · Türkiye
953
+21
🇹🇷 Vikings · Türkiye
952
+21
🇬🇷 Goths · Greece
1088
-19
🇬🇧 Huns · United Kingdom
1071
-19
🇳🇴 Poles · Norway
1067
-18
🇩🇪 Burgundians · Germany
1057
-18
Onkel Peter
18:28 Feudal Age
17:45 Fishing Lines
17:57 Loom
18:58 Gold Mining
19:46 Double-Bit Axe
21:06 Gillnets
24:27 Castle Age
25:50 Bow Saw
25:40 Cavalier
26:21 Husbandry
27:34 Gold Shaft Mining
27:43 Scale Barding Armor
28:49 Chain Barding Armor
29:19 Forging
29:09 Scale Mail Armor
31:54 Chain Mail Armor
34:55 Wheelbarrow
35:42 Iron Casting
38:50 Imperial Age
36:35 Masonry
41:01 Chemistry
40:39 Plate Barding Armor
41:01 Wheelbarrow
40:12 Town Watch
41:37 Horse Collar
41:46 Paladin
43:39 Hand Cart
43:25 Town Patrol
47:16 Blast Furnace
46:46 Plate Mail Armor
47:23 Two-Man Saw
46:57 Heavy Plow
punctuletzzz1
4:29 Loom
4:57 Loom
6:14 Loom
15:23 Feudal Age
21:03 Castle Age
21:27 Bloodlines
21:18 Light Cavalry
23:39 Wheelbarrow
30:05 Town Watch
30:14 Horse Collar
30:35 Double-Bit Axe
37:10 Pikeman
38:33 Heavy Plow
38:42 Squires
39:30 Hand Cart
44:41 Imperial Age
42:31 Elite Skirmisher
43:11 Gold Mining
43:59 Fletching
44:10 Padded Archer Armor
44:45 Forging
45:24 Town Patrol
SMF
5:59 Loom
13:57 Feudal Age
23:10 Castle Age
31:50 Scale Mail Armor
32:00 Forging
32:55 Double-Bit Axe
35:36 Chain Mail Armor
35:56 Iron Casting
40:41 Scale Barding Armor
47:16 Imperial Age
46:25 Bloodlines
47:16 Wheelbarrow
46:28 Town Watch
46:56 Horse Collar
gkyrkos7
6:49 Loom
15:36 Feudal Age
20:43 Castle Age
19:06 Stone Mining
19:33 Man-at-Arms
20:00 Double-Bit Axe
23:58 Fishing Lines
24:43 Forging
28:28 Scale Mail Armor
38:32 Wheelbarrow
44:22 Iron Casting
46:34 Chain Mail Armor
romeo63
9:34 Loom
15:22 Feudal Age
16:17 Double-Bit Axe
21:00 Wheelbarrow
22:37 Castle Age
21:50 Gold Mining
21:51 Stone Mining
23:38 Padded Archer Armor
23:29 Fletching
23:20 Pikeman
25:57 Scale Mail Armor
27:08 Forging
28:36 Wheelbarrow
34:07 Leather Archer Armor
34:41 Man-at-Arms
35:07 Gambesons
36:18 Long Swordsman
43:49 Bow Saw
46:54 Chain Mail Armor
49:06 Hand Cart
hannibal
5:37 Loom
13:25 Feudal Age
14:07 Double-Bit Axe
15:55 Fishing Lines
16:29 Stone Mining
18:40 Castle Age
17:36 Gold Mining
20:42 Fletching
22:11 Gillnets
24:21 Medium Warships
24:29 Medium Warships
27:53 Imperial Age
25:56 Horse Collar
27:14 Padded Archer Armor
28:44 Wheelbarrow
32:40 Conscription
33:30 Chemistry
32:50 Ballistics
32:40 Thumb Ring
34:51 Bodkin Arrow
35:12 Leather Archer Armor
36:37 Elite Genoese Crossbowman
39:32 Bracer
40:03 Ring Archer Armor
40:11 Bow Saw
41:00 Pirotechnia
42:55 Ring Archer Armor
44:32 Town Watch
45:03 Hand Cart
49:17 Heavy Plow
49:19 Town Patrol
Çalooo
4:43 Loom
14:10 Feudal Age
19:00 Castle Age
36:31 Ballistics
39:19 Wheelbarrow
38:49 Padded Archer Armor
38:40 Fletching
42:08 Pikeman
42:48 Squires
42:34 Arson
44:49 Forging
44:40 Scale Mail Armor
KingArthur
14:15 Feudal Age
22:19 Castle Age
20:39 Horse Collar
20:47 Double-Bit Axe
21:07 Stone Mining
22:18 Gold Mining
24:02 Crossbowman
25:05 Man-at-Arms
27:08 Arson
27:45 Scale Mail Armor
27:28 Long Swordsman
30:03 Squires
29:24 Pikeman
34:18 Forging
42:07 Chain Mail Armor
Connection lost

Rejoining the realm…

Still unreachable

The connection could not be restored.

Session expired

The server has moved on; the page needs a fresh start.